 Dungeon Crawl Stone Soup version 0.31-a0-803-g95b03c3367 (webtiles) character file.

Game seed: 3616491592650559977

44344 MackTheKnife the Warrior (level 15, -2/130 HPs)
             Began as a Meteoran Wanderer on Sept 20, 2023.
             Was a High Priest of Hepliaklqana.
             Killed from afar by a swamp worm (12 damage)
             ... with a harpoon shot
             ... on level 12 of the Dungeon.
             The game lasted 00:31:17 (7313 turns).

MackTheKnife the Warrior (Meteoran Wanderer)        Turns: 7313, Time: 00:31:17

Health: -2/130     AC: 20    Str: 24    XL:     15   Next: 7%
Magic:  25/25      EV: 13    Int: 14    God:    Hepliaklqana [*****.]
Gold:   666        SH:  0    Dex: 18    Spells: 18/19 levels left

rFire   . . .        G - +2 flail (protect) {mace}
rCold   + + .        (no shield)
rNeg    + . .        R - +4 chain mail {rC+}
rPois   .            (no helmet)
rElec   +            e - +0 cloak
rCorr   .            t - +1 pair of gloves
SInv    .            M - +0 pair of boots
Will    +....        k - amulet "Evypian" {Faith *Corrode rElec rC+ rN+} Stlth
                     a - ring of wizardry
HPRegen 0.41/turn    i - +6 ring of strength
MPRegen 0.19/turn

%: corrode self (3%), faith, wizardry (x1)
@: lethally poisoned (-2 -> -32), slowed, glowing, very slow
A: reduced essence, sense surroundings 2, otherworldly, glowing, explore regen
a: Renounce Religion, Recall Ancestor, Ancestor Identity, Transference, Idealise


You were on level 12 of the Dungeon.
You worshipped Hepliaklqana.
Hepliaklqana was extremely pleased with you.
You visited 3 branches of the dungeon, and saw 18 of its levels.
You also visited: Sewer.

You collected 666 gold pieces.


Innate Abilities, Weirdness & Mutations

Your life essence is reduced to manifest your ancestor. (-10% HP)
You passively map the area around you.
You are easily found by Zot.
You glow in the dark.
You regain HP and MP as you explore.


   Skills:
 + Level 16.7 Fighting
 - Level 14.0 Maces & Flails
 - Level 1.2 Throwing
 - Level 10.0 Armour
 - Level 8.0 Dodging
 - Level 2.4 Unarmed Combat
 - Level 2.6 Spellcasting
 - Level 3.6 Summonings
 - Level 12.0 Invocations
 - Level 7.0 Evocations


You had 18 spell levels left.
You knew the following spells:

 Your Spells              Type           Power      Damage    Failure   Level
a - Summon Small Mammal   Summ           48%        N/A       9%          1

Your spell library contained the following spells:

 Spells                   Type           Power      Damage    Failure   Level
 Call Imp                 Summ           24%        N/A       13%         2
 Call Canine Familiar     Summ           12%        N/A       26%         3
 Magic Dart               Conj           4%         1d3       34%         1
 Sublimation of Blood     Necr           1%         N/A       45%         2
 Wereblood                Tmut           1%         N/A       45%         2
 Summon Guardian Golem    Hex/Summ       6%         N/A       45%         3
 Mephitic Cloud           Conj/Pois/Air  1%         N/A       69%         3
 Tukima's Dance           Hex            1%         N/A       69%         3
 Animate Armour           Summ/Erth      12%        N/A       85%         4
 Dimensional Bullseye     Hex/Tloc       0%         N/A       97%         4
 Iskenderun's Mystic Bla  Conj/Tloc      1%         2d3       97%         4
 Summon Hydra             Summ           6%         N/A       100%        7

Inventory:

Hand Weapons
 y - a +2 heavy broad axe {axe}
   (You took it off a tengu on level 2 of the Lair of Beasts)
 G - a +2 flail of protection (weapon) {mace}
   (You took it off a wight on level 8 of the Dungeon)
Missiles
 b - 18 poisoned darts {throwing}
 q - a curare-tipped dart {=fthrowing}
Armour
 e - a +0 cloak (worn)
   (You took it off Maurice on level 8 of the Dungeon)
 h - a +0 tower shield
   (You found it in a sewer)
 t - a +1 pair of gloves (worn)
   (You found it in a sewer)
 M - a +0 pair of boots (worn)
   (You found it on level 1 of the Lair of Beasts)
 N - a +2 leather armour of fire resistance
   (You found it on level 2 of the Lair of Beasts)
 P - +0 fire dragon scales
   (You found it on level 5 of the Lair of Beasts)
 R - a +4 chain mail of cold resistance (worn)
   (You found it on level 5 of the Lair of Beasts)
Jewellery
 a - a ring of wizardry (left hand)
   (You found it on level 1 of the Dungeon)
 i - a +6 ring of strength (right hand)
   (You found it on level 1 of the Dungeon)
 k - the amulet "Evypian" (around neck) {Faith *Corrode rElec rC+ rN+}
   (You acquired it on level 10 of the Dungeon)

   [amulet of faith]

   Faith:     It allows you to gain divine favour quickly.
   rC+:       It protects you from cold.
   rElec:     It insulates you from electricity.
   rN+:       It protects you from negative energy.
   *Corrode:  It may corrode you when you take damage.
 o - a ring of ice
   (You found it on level 3 of the Dungeon)
Wands
 j - a wand of flame (25)
   (You found it on level 8 of the Dungeon)
 w - a wand of mindburst (7)
   (You found it on level 5 of the Dungeon)
 D - a wand of iceblast (10)
   (You took it off Maurice on level 8 of the Dungeon)
Scrolls
 l - 2 scrolls of enchant weapon
 m - a scroll of fear
 r - 3 scrolls of vulnerability {!r!r}
 v - 4 scrolls of teleportation {@r4}
 C - a scroll of poison {!r}
 H - 2 scrolls of brand weapon
 K - a scroll of summoning {unknown}
 L - a scroll of revelation
 Q - a scroll of enchant armour
Potions
 c - 4 potions of curing {@q1}
 d - a potion of might
 f - 2 potions of cancellation {unknown}
 g - 7 potions of heal wounds {unknown}
 p - 2 potions of invisibility {unknown}
 s - 2 potions of resistance {unknown}
 u - a potion of haste {unknown}
 x - a potion of berserk rage {unknown}
 z - 2 potions of lignification {unknown}
 A - a potion of mutation {unknown}
 B - a potion of ambrosia {unknown}
 E - 2 potions of brilliance {unknown}
 F - 2 potions of attraction {unknown}
 I - a potion of degeneration {unknown}

Dungeon Overview and Level Annotations

Branches:
Dungeon (12/15) Zot: 2440  Temple (1/1) D:4 Zot: 587    Lair (5/5) D:10 Zot: 1076
  Swamp (0/4) Lair:2        Snake (0/4) Lair:2        Sewer (visited)
  Slime: Lair:4-5       Orc: D:9-12

Altars:
Ashenzari
Cheibriados
Dithmenos
Elyvilon
Hepliaklqana
Kikubaaqudgha
Makhleb
Okawaru
Qazlal
Ru
Sif Muna
Trog
Vehumet
Wu Jian
Xom
Yredelemnul
The Shining One

Shops:
D:1 *   D:8 *

Annotations:
D:4 exclusion: statue
D:6 Dowan
D:12 1 transporter
Lair:5 exclusion: upstairs

,..........#####..............
........###P©P###............
*
######..##§P^.≈♣#.###########
** ## #..#†≈P^§≈##.# # ..,
##.##≈P§P≈w#.# #
*#.###.#♣≈P§☼###.# #
,,,,,#.)...###R^.≈w#.#
***##### **
#.....#w≈.^P≈##...., ...... ,
#..##.##≈P@P≈w#.###* ###### **
*#..*#.####'####.# ,, , #.
*#...#$[|# # ,# **###.#[©=# *
* * ##### , , .#####.#####...
, ..... * #.........©.....,
..... , , ....####........
,,..... .. * #.####### * ####.
* #.# #.


You could see the friendly Louis the battlemage (idealised) and 4 swamp worms.


Message History

There is a net trap here.
You see here a throwing net {=f!fthrowing}. 😕 HP[+1] MP[+1]
You struggle against the net.
The swamp worm fires a harpoon shot at you.
The harpoon shot hits you.
You are yanked forward by the harpoon shot.
You violently stop moving!
The swamp worm fires a harpoon shot at you.
The harpoon shot misses you.
The swamp worm fires a harpoon shot at you.
The harpoon shot hits you!!
You are yanked forward by the harpoon shot.
You violently stop moving! 😮 HP[-23] MP[+1]
You take 23 damage, and now have 92/130 hp.
Your mp is fully restored (25).
Unknown command.
You bludgeon the briar patch!!
You destroy the briar patch!
You are engulfed in dark miasma.
You are poisoned.
You feel very sick.
The swamp worm fires a harpoon shot at you.
The harpoon shot hits you.
You are yanked forward by the harpoon shot.
You collide with the briar patch!
The briar patch is destroyed!
You become entangled in the net!
The swamp worm fires a harpoon shot at you.
The harpoon shot misses you. 😮 HP[-7]
You take 7 damage, and now have 85/130 hp.
Unknown command.
You tear a large gash into the net.
You feel very sick. 😮 HP[-4]
You take 4 damage, and now have 81/130 hp.
Unknown command.
Unknown command.
You struggle against the net.
You feel very sick.
The swamp worm fires a harpoon shot at you.
The harpoon shot hits you.
You are yanked forward by the harpoon shot.
You collide with the briar patch!
* * * LOW HITPOINT WARNING * * *
The swamp worm fires a harpoon shot at you.
The harpoon shot misses you. 😨 HP[-17]
You take 17 damage, and now have 64/130 hp.
Unknown command.
You shred the net and break free!
You feel very sick.
The swamp worm fires a harpoon shot at you.
The harpoon shot hits you but does no damage. 😨 HP[-3]
You take 3 damage, and now have 61/130 hp.
Unknown command.
You feel very sick.
The swamp worm fires a harpoon shot at you.
The harpoon shot misses you.
The swamp worm fires a harpoon shot at you.
The harpoon shot misses you.
The swamp worm fires a harpoon shot at you.
The harpoon shot misses you.
The swamp worm fires a harpoon shot at you.
The harpoon shot misses you.
Unknown command. 😨 HP[-3]
You take 3 damage, and now have 58/130 hp.
Unknown command.
Unknown command.
Okay, then.
Unknown command.
You are engulfed in dark miasma.
You are more poisoned.
You feel yourself slow down.
* * * LOW HITPOINT WARNING * * *
You feel very sick. 😨 HP[-8]
You take 8 damage, and now have 50/130 hp.
You open the door.
You are engulfed in dark miasma.
You are more poisoned.
You feel as though you will be slow longer.
* * * LOW HITPOINT WARNING * * *
x2 You feel extremely sick.
The swamp worm fires a harpoon shot at you.
The harpoon shot misses you.
The swamp worm fires a harpoon shot at you.
The harpoon shot hits you but does no damage.
The swamp worm fires a harpoon shot at you.
The harpoon shot hits you!
* * * LOW HITPOINT WARNING * * *
You are yanked forward by the harpoon shot.
You collide with the briar patch!
The swamp worm fires a harpoon shot at you.
The harpoon shot hits you!
You die...

Skill      XL: |  1  2  3  4  5  6  7  8  9 10 11 12 13 14 |
---------------+-------------------------------------------+-----
Fighting       | 3 5 8 10 12 16 | 16.7
Maces & Flails | 6 7 9 11 12 14 | 14.0
Armour         | 4 8 10 | 10.0
Dodging        | 4 6 8 |  8.0
Evocations     | 7 |  7.0
Invocations    | 3 8 12 | 12.0
Throwing       | |  1.2
Unarmed Combat | |  2.4
Spellcasting   | |  2.6
Summonings     | |  3.6

Action                     |  1- 3 |  4- 6 |  7- 9 | 10-12 | 13-15 || total
---------------------------+-------+-------+-------+-------+-------++-------
  Melee: Dagger            |    47 |       |       |       |       ||    47
         Punch             |     4 |     2 |     4 |    10 |    20 ||    40
         Whip              |    99 |    64 |   210 |       |       ||   373
         Flail             |       |       |   208 |   365 |   481 ||  1054
         Mace              |       |       |    17 |       |       ||    17
         Unarmed           |       |       |       |       |     9 ||     9
 Invoke: Ancestor Identity |       |       |     1 |       |       ||     1
         Recall Ancestor   |       |       |     1 |     1 |     3 ||     5
         Ancestor Life: Ba |       |       |     1 |       |       ||     1
         Idealise          |       |       |       |       |     7 ||     7
  Evoke: Wand              |     2 |       |     1 |    11 |     8 ||    22
    Use: Scroll            |     1 |       |     5 |     4 |     5 ||    15
         Potion            |       |       |       |     1 |     4 ||     5
   Stab: Paralysed         |    11 |       |     9 |     9 |     9 ||    38
         Distracted        |       |       |     2 |     2 |     6 ||    10
 Armour: Leather armour    |    36 |       |       |       |    26 ||    62
         Plate armour      |    83 |    40 |   340 |   173 |       ||   636
         Ring mail         |       |       |       |   112 |   305 ||   417
         Chain mail        |       |       |       |       |    77 ||    77
         Skin              |       |       |       |       |     6 ||     6
  Dodge: Dodged            |    48 |    12 |   117 |   145 |   338 ||   660

Levels and vault maps discovered:
D:1:      spicycebolla_arrival_xxxplode, layout_basic, serial_shops, shop_statue
D:2:      layout_basic, basic_altar, uniq_robin
D:3:      layout_basic, nicolae_elyvilon_peaceful_grove, serial_rivers,
          chequers_serial_rivers_micro_c, chequers_serial_rivers_small_a,
          chequers_serial_rivers_room_b, chequers_serial_rivers_large_a,
          chequers_serial_rivers_small_a, chequers_serial_rivers_micro_b,
          minmay_door_square, serial_park_tiny_1, uniq_grinder, uniq_natasha
D:4:      cheibrodos_quashed, layout_loops_corners,
          grunt_temple_overflow_gold_and_silver, vehumet_statue,
          minmay_temple_entry_overgrown, portal_sewer_entry_e
D:5:      layout_rooms, fedhas_altar_4, hangedman_decor_peaks_small,
          st_stairs_12
D:6:      layout_gridville, nicolae_wu_jian_wuxing_cycle, chequers_jeans,
          uniq_duvessa
D:7:      hellmonk_ruined_rings, layout_cave_pools
D:8:      layout_basic, mainiacjoe_overflow_alcove_2, serial_shops, shop,
          uniq_maurice
D:9:      cheibrodos_two_vegetables, layout_irregular_city, serial_glass,
          glass_columns_a, glass_columns_b, glass_columns_a
D:10:     layout_loops_ring, mainiacjoe_overflow_alcove_4, okawaru_trees_1,
          nemelex_xobeh_ov_fountains_minmay, grunt_lair_entry_orc_guard_hut,
          uniq_harold
D:11:     layout_roguey, kennysheep_generic_room_5
D:12:     gammafunk_worm_tunnel, layout_long_grid, zombieorc2_lemuel,
          minivault_27, minivault_25, chequers_big_river, minmay_quadrilaterals,
          uniq_jorgrun, uniq_urug
Temple:   hellmonk_temple_two_chambers
Lair:1:   layout_regular_city, evilmike_ambush [evilmike_ambush_outer_corners,
          evilmike_ambush_inner_cross], grunt_megastairs_1
Lair:2:   layout_regular_city, palyth_hydra_swamp_entry,
          minmay_snake_entry_guardpost_small, chequers_serial_rivers_room_b,
          grunt_forest_large_clearing_hut, uniq_maggie, uniq_amaemon
Lair:3:   layout_hall_layers, uniq_nessos
Lair:4:   layout_cave_pods
Lair:5:   cheibrodos_lair_end_hotspot, layout_regular_city,
          dpeg_slime_entry_enclosed, patterned_corridor, uniq_kirke

Notes
Turn   | Place    | Note
-------+----------+-------------------------------------------
     0 | D:1      | MackTheKnife the Meteoran Wanderer began the quest for the
                  | Orb.
     0 | D:1      | MackTheKnife set off with the following items: a +0 dagger
                  | {short}, 12 poisoned darts {throwing}, a potion of curing
                  | {@q1}, a scroll of vulnerability {!r!r}, a +0 leather
                  | armour; and the following spell memorised: Summon Small
                  | Mammal; and the following spells available to memorise:
                  | Call Imp, Animate Armour.
     0 | D:1      | Reached XP level 1. HP: 17/17 MP: 5/5
     0 | D:1      | magus.rc [v1.9.6]
   188 | D:1      | Reached XP level 2. HP: 25/25 MP: 6/6
   197 | D:1      | Found Mellov's Assorted Antiques.
   256 | D:1      | Reached skill level 3 in Fighting
   387 | D:2      | Reached XP level 3. HP: 31/31 MP: 8/8
   441 | D:2      | Found an ancient bone altar of Kikubaaqudgha.
   486 | D:2      | Reached skill level 1 in Maces & Flails
   670 | D:3      | Found a white marble altar of Elyvilon.
   729 | D:3      | Reached skill level 2 in Maces & Flails
   789 | D:3      | Noticed Grinder
   804 | D:3      | Killed Grinder
   805 | D:3      | Reached skill level 6 in Maces & Flails
   805 | D:3      | Reached XP level 4. HP: 32/38 MP: 9/9
   805 | D:3      | Reached XP level 5. HP: 38/45 MP: 10/10
   805 | D:3      | Reached XP level 6. HP: 44/51 MP: 11/11
   943 | D:3      | Noticed Natasha
   975 | D:3      | Killed Natasha
  1065 | D:3      | Reached skill level 7 in Maces & Flails
  1098 | D:4      | Reached XP level 7. HP: 47/57 MP: 12/12
  1109 | D:4      | Found a radiant altar of Vehumet.
  1214 | D:4      | Found a staircase to the Ecumenical Temple.
  1223 | Temple   | Entered the Ecumenical Temple
  1229 | Temple   | Became a worshipper of Hepliaklqana the Forgotten
  1308 | D:4      | Found a glowing drain.
  1332 | D:4      | Reached skill level 8 in Maces & Flails
  1340 | Sewer    | Entered a sewer
  1486 | Sewer    | Found an ancient bone altar of Kikubaaqudgha.
  1551 | Sewer    | Reached skill level 9 in Maces & Flails
  1608 | Sewer    | Reached XP level 8. HP: 60/63 MP: 13/13
  1723 | D:4      | Reached skill level 10 in Maces & Flails
  1846 | D:4      | Reached skill level 4 in Fighting
  1898 | D:5      | Entered Level 5 of the Dungeon
  2021 | D:5      | Reached skill level 5 in Fighting
  2032 | D:5      | Reached * piety under Hepliaklqana
  2041 | D:5      | Reached skill level 11 in Maces & Flails
  2297 | D:5      | Gained mutation: You passively map the area around you.
                  | [Meteoran growth]
  2297 | D:5      | Reached XP level 9. HP: 56/66 MP: 14/14
  2382 | D:6      | Noticed Dowan
  2400 | D:6      | Reached skill level 6 in Fighting
  2506 | D:6      | You pick up a book of Minor Magic and begin reading...
  2506 | D:6      | You add the spells Magic Dart and Mephitic Cloud to your
                  | library.
  2641 | D:6      | You pick up a book of Callings and begin reading...
  2641 | D:6      | You add the spells Call Canine Familiar and Summon Guardian
                  | Golem to your library.
  2706 | D:6      | Reached skill level 12 in Maces & Flails
  2750 | D:7      | Reached skill level 7 in Fighting
  2769 | D:6      | Found an ornate altar of the Wu Jian Council.
  2824 | D:7      | Reached ** piety under Hepliaklqana
  2825 | D:7      | Remembered your ancestor Louis as a battlemage
  2949 | D:7      | Noticed a hornet
  2955 | D:7      | Killed a hornet
  2980 | D:7      | Reached skill level 8 in Fighting
  2980 | D:7      | Reached XP level 10. HP: 79/79 MP: 15/15
  2982 | D:8      | Found Coeseh's Assorted Antiques.
  3024 | D:8      | Reached skill level 13 in Maces & Flails
  3061 | D:8      | Noticed Maurice
  3070 | D:8      | Maurice stole a +0 tower shield
  3073 | D:8      | Maurice stole a curare-tipped dart {=fthrowing}
  3076 | D:8      | Killed Maurice
  3203 | D:8      | Reached skill level 9 in Fighting
  3240 | D:8      | You pick up a book of Weapons and begin reading...
  3240 | D:8      | You add the spells Tukima's Dance, Dimensional Bullseye and
                  | Iskenderun's Mystic Blast to your library.
  3427 | D:9      | Killed an unseen horror
  3428 | D:9      | Reached skill level 14 in Maces & Flails
  3581 | D:9      | Reached *** piety under Hepliaklqana
  3589 | D:9      | Reached skill level 1 in Armour
  3593 | D:9      | Reached skill level 1 in Dodging
  3605 | D:9      | Noticed a manticore
  3619 | D:9      | Killed a manticore
  3620 | D:9      | Reached skill level 10 in Fighting
  3620 | D:9      | Reached skill level 2 in Armour
  3620 | D:9      | Reached skill level 2 in Dodging
  3701 | D:9      | Reached skill level 3 in Armour
  3701 | D:9      | Reached skill level 3 in Dodging
  3732 | D:9      | Noticed a red ugly thing
  3748 | D:9      | Killed a red ugly thing
  3749 | D:9      | Reached skill level 4 in Armour
  3749 | D:9      | Reached skill level 4 in Dodging
  3749 | D:9      | Reached XP level 11. HP: 89/89 MP: 16/16
  3797 | D:9      | You fall into a shaft and drop 3 floors!
  3838 | D:12     | Reached skill level 5 in Armour
  3866 | D:12     | Reached skill level 6 in Armour
  3961 | D:12     | Reached skill level 7 in Armour
  3977 | D:11     | Noticed a cyclops
  3984 | D:11     | Killed a cyclops
  4022 | D:11     | Reached skill level 8 in Armour
  4034 | D:11     | Reached skill level 2 in Evocations
  4043 | D:11     | Reached skill level 3 in Evocations
  4047 | D:11     | Reached skill level 4 in Evocations
  4081 | D:10     | Entered Level 10 of the Dungeon
  4110 | D:10     | Reached skill level 5 in Evocations
  4299 | D:10     | Reached **** piety under Hepliaklqana
  4323 | D:10     | Noticed a tengu warrior
  4334 | D:10     | Killed a tengu warrior
  4335 | D:10     | Reached skill level 6 in Evocations
  4356 | D:10     | Reached skill level 7 in Evocations
  4459 | D:10     | Reached skill level 1 in Invocations
  4465 | D:10     | Found a staircase to the Lair.
  4470 | D:10     | Reached skill level 2 in Invocations
  4473 | Lair:1   | Entered Level 1 of the Lair of Beasts
  4483 | Lair:1   | Reached skill level 3 in Invocations
  4483 | Lair:1   | Reached XP level 12. HP: 92/95 MP: 17/17
  4500 | Lair:1   | Reached skill level 4 in Invocations
  4546 | Lair:1   | Reached skill level 5 in Invocations
  4582 | Lair:2   | Reached skill level 6 in Invocations
  4691 | Lair:1   | Reached skill level 7 in Invocations
  4713 | Lair:1   | Reached skill level 8 in Invocations
  4742 | Lair:1   | Reached skill level 9 in Armour
  4866 | Lair:2   | Found a staircase to the Snake Pit.
  4868 | Lair:2   | Reached ***** piety under Hepliaklqana
  4870 | Lair:2   | Noticed a four-headed hydra
  4882 | Lair:2   | Killed a four-headed hydra
  4886 | Lair:2   | Reached skill level 5 in Dodging
  4921 | Lair:2   | Reached skill level 10 in Armour
  4931 | Lair:2   | Reached skill level 6 in Dodging
  4950 | Lair:2   | Noticed an eight-headed hydra
  4954 | Lair:2   | Noticed an eight-headed hydra
  4959 | Lair:2   | HP: 13/95 [eight-headed hydra (13)]
  4960 | Lair:2   | Noticed Maggie
  4963 | Lair:2   | Maggie changed into Maggie the tengu
  4963 | Lair:2   | Noticed Maggie
  4975 | Lair:2   | Killed Maggie the tengu
  4976 | Lair:2   | Reached XP level 13. HP: 72/101 MP: 20/20
  4983 | Lair:2   | Noticed Amaemon
  4989 | Lair:2   | Reached skill level 7 in Dodging
  5013 | Lair:2   | Killed Amaemon
  5018 | Lair:2   | Reached skill level 8 in Dodging
  5097 | Lair:2   | Killed an eight-headed hydra
  5104 | Lair:2   | HP: 24/102 [eight-headed hydra (6)]
  5104 | Lair:2   | HP: 11/102 [cane toad (4)]
  5107 | Lair:2   | Killed an eight-headed hydra
  5109 | Lair:2   | HP: 7/103 [poisoned by a cane toad]
  5110 | Lair:2   | Reached skill level 11 in Fighting
  5154 | Lair:2   | Found a staircase to the Swamp.
  5492 | Lair:5   | Entered Level 5 of the Lair of Beasts
  5533 | Lair:4   | Noticed a death yak
  5533 | Lair:4   | Noticed a death yak
  5533 | Lair:4   | Noticed a death yak
  5534 | Lair:4   | Noticed a death yak
  5535 | Lair:4   | Noticed a death yak
  5542 | Lair:5   | Reached skill level 12 in Fighting
  5580 | Lair:5   | Noticed a boulder beetle
  5584 | Lair:5   | Reached skill level 9 in Invocations
  5598 | Lair:5   | Killed a boulder beetle
  5648 | Lair:5   | Reached skill level 10 in Invocations
  5717 | Lair:5   | Reached skill level 11 in Invocations
  5754 | Lair:5   | Noticed a boulder beetle
  5767 | Lair:5   | Killed a boulder beetle
  5783 | Lair:5   | Reached skill level 12 in Invocations
  5794 | Lair:5   | Noticed a death yak
  5794 | Lair:5   | Noticed a death yak
  5795 | Lair:5   | Noticed a death yak
  5795 | Lair:5   | Noticed a death yak
  5837 | Lair:5   | Killed a death yak
  5838 | Lair:5   | Reached XP level 14. HP: 89/114 MP: 24/24
  5866 | Lair:5   | Reached skill level 13 in Fighting
  5896 | Lair:5   | Noticed Kirke
  5914 | Lair:5   | Killed Kirke
  5976 | Lair:5   | Reached skill level 14 in Fighting
  6003 | Lair:5   | Found the +8 demon blade "Leech" {evervamp, Harm Drain rN+}
  6288 | Lair:5   | Reached skill level 15 in Fighting
  6325 | Lair:5   | Found a large runed translucent door.
  6332 | Lair:5   | Found a large runed translucent door.
  6358 | Lair:5   | Noticed a fire dragon
  6368 | Lair:5   | Killed a fire dragon
  6567 | D:10     | Identified a scroll of acquirement
  6568 | D:10     | Acquired the amulet "Evypian" {Faith *Corrode rElec rC+
                  | rN+}
  6609 | D:10     | Found an iron altar of Okawaru.
  6647 | D:10     | Noticed Harold
  6661 | D:10     | Killed Harold
  6662 | D:10     | Reached skill level 16 in Fighting
  6754 | D:10     | Found a burning altar of Makhleb.
  6931 | D:11     | You pick up a book of Blood and begin reading...
  6931 | D:11     | You add the spells Sublimation of Blood, Wereblood and
                  | Summon Hydra to your library.
  6990 | D:11     | Identified the +7 trident of Quick Death {heavy, Str+4
                  | SInv}
  7216 | D:11     | Reached XP level 15. HP: 107/130 MP: 25/25
  7225 | D:12     | Noticed Jorgrun
  7234 | D:12     | Killed Jorgrun
  7251 | D:12     | Found a transporter.
  7275 | D:12     | Found a transporter.
  7313 | D:12     | HP: 20/130 [poison (dark miasma)]
  7313 | D:12     | Killed from afar by a swamp worm

Vanquished Creatures
  Kirke (Lair:5)
  4 hydras
  2 boulder beetles (Lair:5)
  3 death yaks (Lair:5)
  A tengu warrior (D:10)
  Amaemon (Lair:2)
  A skyshark (Lair:5)
  2 ugly things
  8 elephants
  2 manticores
  A black mamba (Lair:5)
  An orange demon (Lair:2)
  7 cane toads
  2 molten gargoyles (Lair:5)
  A gargoyle (D:12)
  6 komodo dragons
  A rime drake (Lair:2)
  A tengu conjurer (D:10)
  2 trolls
  Grinder (D:3)
  A blink frog (Lair:5)
  A shadow (D:11)
  A vampire (D:10)
  A wyvern (Lair:5)
  17 yaks
  3 basilisks
  A hog (Lair:5)
  2 swamp worms (Lair:2)
  An acid dragon (D:11)
  A hell hound (Lair:5)
  3 water moccasins
  3 orc warriors (D:10)
  2 black bears (D:6)
  An ice beast (D:5)
  A sky beast (D:6)
  A tengu (Lair:2)
  2 wolves (Lair:5)
  A centaur (D:12)
  A phantom (D:4)
  A kobold brigand (Sewer)
  5 bullfrogs
  A gnoll sergeant (D:10)
  A necrophage (Sewer)
  11 wights
  4 scorpions
  3 killer bees (D:7)
  8 howler monkeys
  A lava snake (Lair:5)
  3 hounds
  10 orc priests
  A gnoll bouda (D:5)
  8 orc wizards
  Natasha (D:3)
  5 iguanas
  6 gnolls
  3 adders (D:4)
  A river rat (D:4)
  3 shadow imps
  2 white imps
  9 ufetubi
  2 worms
  3 dart slugs
  27 orcs
  5 bats
  5 endoplasms
  7 giant cockroaches
  2 goblins (D:1)
  3 hobgoblins
  14 kobolds
  3 quokkas
  5 ball pythons
  3 frilled lizards
  4 kobold zombies (Sewer)
  5 rats
267 creatures vanquished.

Vanquished Creatures (collateral kills)
  Jorgrun (D:12)
  A fire dragon (Lair:5)
  Harold (D:10)
  2 two-headed ogres
  A death yak (Lair:5)
  A lindwurm (Lair:5)
  A cyclops (D:11)
  Maurice (D:8)
  4 elephants (Lair:5)
  4 cane toads
  A rime drake (Lair:5)
  9 komodo dragons
  An unseen horror (D:9)
  A burning bush (Lair:1)
  A polar bear (Lair:5)
  A troll (D:12)
  A hornet (D:7)
  2 blink frogs (Lair:5)
  A vampire (D:12)
  11 yaks
  2 wyverns (Lair:5)
  2 hogs (Lair:5)
  2 basilisks (Lair:5)
  3 steam dragons (Lair:5)
  2 vampire mosquitoes (D:12)
  A swamp worm (D:12)
  2 nagas (Lair:2)
  3 hell hounds (Lair:5)
  4 water moccasins
  An acid dragon (D:10)
  An orc warrior (D:7)
  2 black bears
  A sky beast (D:6)
  2 centaurs (D:8)
  4 wolves (Lair:5)
  4 bullfrogs
  2 wights
  3 howler monkeys
  2 lava snakes (Lair:5)
  4 orc wizards
  2 gnolls
  An ufetubus (D:6)
  10 orcs
106 creatures vanquished.

Vanquished Creatures (others)
  9 battlemagi
  An ancestor (D:5)
10 creatures vanquished.

Grand Total: 383 creatures vanquished

Table legend:
 A = Non-vault XP
 B = Vault XP
 C = Vault XP percentage of total XP
 D = Non-vault monster count
 E = Vault monster count
 F = Vault count percentage of total count
                 A         B        C        D         E       F
            +---------+---------+-------+---------+---------+-------
      Total |   42165 |   21184 |  33.4 |     265 |     108 |  29.0
            +---------+---------+-------+---------+---------+-------
        D:1 |      22 |       0 |   0.0 |      13 |       0 |   0.0
        D:2 |      20 |       0 |   0.0 |      10 |       0 |   0.0
        D:3 |      63 |     312 |  83.2 |       9 |       2 |  18.2
        D:4 |     331 |      27 |   7.5 |      10 |       8 |  44.4
        D:5 |     528 |      40 |   7.0 |      22 |       1 |   4.3
        D:6 |     830 |       0 |   0.0 |      22 |       0 |   0.0
        D:7 |     791 |       0 |   0.0 |      14 |       0 |   0.0
        D:8 |     650 |     445 |  40.6 |      16 |       1 |   5.9
        D:9 |    1594 |    1048 |  39.7 |      15 |       3 |  16.7
       D:10 |    3254 |    1406 |  30.2 |      24 |       6 |  20.0
       D:11 |    4736 |       0 |   0.0 |      24 |       0 |   0.0
       D:12 |    1663 |    2153 |  56.4 |       7 |       2 |  22.2
     Lair:1 |    1360 |    2593 |  65.6 |       6 |      12 |  66.7
     Lair:2 |    5753 |    4372 |  43.2 |      15 |      12 |  44.4
     Lair:3 |    1562 |       0 |   0.0 |       5 |       0 |   0.0
     Lair:4 |     279 |       0 |   0.0 |       2 |       0 |   0.0
     Lair:5 |   18729 |    8435 |  31.1 |      51 |      28 |  35.4
      Sewer |       0 |     353 | 100.0 |       0 |      33 | 100.0
            +---------+---------+-------+---------+---------+-------

Skill      XL: |  1  2  3  4  5  6  7  8  9 10 11 12 13 14 |
---------------+-------------------------------------------+-----
Fighting       | 3 5 8 10 12 16 | 16.7
Maces & Flails | 6 7 9 11 12 14 | 14.0
Armour         | 4 8 10 | 10.0
Dodging        | 4 6 8 |  8.0
Evocations     | 7 |  7.0
Invocations    | 3 8 12 | 12.0
Throwing       | |  1.2
Unarmed Combat | |  2.4
Spellcasting   | |  2.6
Summonings     | |  3.6

Action                     |  1- 3 |  4- 6 |  7- 9 | 10-12 | 13-15 || total
---------------------------+-------+-------+-------+-------+-------++-------
  Melee: Dagger            |    47 |       |       |       |       ||    47
         Punch             |     4 |     2 |     4 |    10 |    20 ||    40
         Whip              |    99 |    64 |   210 |       |       ||   373
         Flail             |       |       |   208 |   365 |   481 ||  1054
         Mace              |       |       |    17 |       |       ||    17
         Unarmed           |       |       |       |       |     9 ||     9
 Invoke: Ancestor Identity |       |       |     1 |       |       ||     1
         Recall Ancestor   |       |       |     1 |     1 |     3 ||     5
         Ancestor Life: Ba |       |       |     1 |       |       ||     1
         Idealise          |       |       |       |       |     7 ||     7
  Evoke: Wand              |     2 |       |     1 |    11 |     8 ||    22
    Use: Scroll            |     1 |       |     5 |     4 |     5 ||    15
         Potion            |       |       |       |     1 |     4 ||     5
   Stab: Paralysed         |    11 |       |     9 |     9 |     9 ||    38
         Distracted        |       |       |     2 |     2 |     6 ||    10
 Armour: Leather armour    |    36 |       |       |       |    26 ||    62
         Plate armour      |    83 |    40 |   340 |   173 |       ||   636
         Ring mail         |       |       |       |   112 |   305 ||   417
         Chain mail        |       |       |       |       |    77 ||    77
         Skin              |       |       |       |       |     6 ||     6
  Dodge: Dodged            |    48 |    12 |   117 |   145 |   338 ||   660

Illustrated notes

Table legend:
 A = Kills in this place as a percentage of kills in the entire game.
 B = Kills by you in this place as a percentage of kills by you in the entire game.
 C = Kills by friends in this place as a percentage of kills by friends in the entire game.
 D = Other kills in this place as a percentage of other kills in the entire game.
 E = Experience gained in this place as a percentage of experience gained in the entire game.
 F = Experience gained in this place divided by the number of levels of this place that you have seen.
                   A       B       C       D       E      F
               +-------+-------+-------+-------+-------+----------------------
         Total | 100.0 | 100.0 | 100.0 |   N/A | 100.0 | 3334.2
       Dungeon |  56.0 |  60.7 |  44.3 |   N/A |  31.4 | 1659.4
          Lair |  35.1 |  27.0 |  55.7 |   N/A |  68.0 | 8616.6
         Sewer |   8.8 |  12.4 |   0.0 |   N/A |   0.6 | 353.0
               +-------+-------+-------+-------+-------+----------------------

Table legend: (Time is in decaauts)
 A = Elapsed time spent in this place.
 B = Non-inter-level travel time spent in this place.
 C = Inter-level travel time spent in this place.
 D = Time resting spent in this place.
 E = Time spent auto-exploring this place.
 F = Levels seen in this place.
 G = Mean time per level.
                   A        B        C        D        E       F      G
               +--------+--------+--------+--------+--------+-----+--------+
         Total |   6987 |   6260 |    727 |     54 |    775 |  19 |  367.7 |
       Dungeon |   4758 |   4377 |    381 |     14 |    741 |  12 |  396.5 |
        Temple |     12 |     12 |      0 |      0 |      0 |   1 |   12.0 |
          Lair |   1924 |   1579 |    345 |     40 |     34 |   5 |  384.8 |
         Sewer |    292 |    292 |      0 |      0 |      0 |   1 |  292.0 |
               +--------+--------+--------+--------+--------+-----+--------+

Top non-repeatable levels by time:
  Lair:5: 889 daAuts
     D:9: 583 daAuts
  Lair:2: 545 daAuts
    D:11: 516 daAuts
     D:4: 459 daAuts
    D:10: 434 daAuts
     D:6: 422 daAuts
     D:3: 421 daAuts
     D:5: 413 daAuts
     D:8: 392 daAuts
     D:1: 335 daAuts
     D:2: 312 daAuts
   Sewer: 292 daAuts
    D:12: 253 daAuts
     D:7: 211 daAuts
